 Dungeon Crawl Stone Soup version 0.29.0-4-gdea44cf6ec (webtiles) character file.

Game seed: 15847520964249592954

2767 qw the Cleaver (level 9, -17/76 (79) HPs)
             Began as a Minotaur Fighter on Sept 8, 2022.
             Killed from afar by Maggie (19 damage)
             ... with a bolt of fire
             ... on level 8 of the Dungeon.
             The game lasted 00:02:53 (7209 turns).

qw the Cleaver (Minotaur Fighter)                   Turns: 7209, Time: 00:02:53

HP:   -17/76 (79)   AC: 15    Str: 25    XL:     9   Next: 42%
MP:   8/8           EV:  8    Int:  5    God:
Gold: 313           SH:  5    Dex: 16    Spells: 8/8 levels left

rFire   . . .      SeeInvis .   Y - +1 war axe
rCold   + . .      Faith    .   c - +0 buckler
rNeg    . . .      Spirit   .   g - +0 plate armour
rPois   +          Reflect  .   u - +1 hat
rElec   .          Harm     .   (no cloak)
rCorr   .          Rampage  .   (no gloves)
Will    .....      Rage     3%  k - +0 pair of boots
Stlth   ..........              (no amulet)
HPRegen 0.22/turn               i - ring of protection from cold
MPRegen 0.11/turn               a - +6 ring of dexterity

@: about to teleport, mesmerised, lightly drained
A: horns 2, retaliatory headbutt, berserk 1, sense surroundings 1, poison
resistance, evolution 1
a: no special abilities


You were on level 8 of the Dungeon.
You visited 2 branches of the dungeon, and saw 9 of its levels.

You collected 428 gold pieces.
You spent 115 gold pieces at shops.


Innate Abilities, Weirdness & Mutations

You have a pair of horns on your head.
You reflexively headbutt those who attack you in melee.
You sometimes lose your temper in combat.
You passively map a small area around you.
Your system is resistant to poisons. (rPois)
You have hidden genetic potential.


   Skills:
 - Level 7.0 Fighting
 + Level 12.3 Axes
 - Level 2.2 Throwing
 - Level 6.1 Armour
 - Level 3.5 Dodging
 - Level 4.1 Shields


You had 8 spell levels left.
You didn't know any spells.
Your spell library was empty.

Inventory:

Hand Weapons
 b - a +2 flail
 Y - a +1 war axe (weapon)
Missiles
 t - a boomerang (quivered)
Armour
 c - a +0 buckler (worn)
 f - a +0 pair of gloves
 g - a +0 plate armour (worn)
 k - a +0 pair of boots (worn)
 u - a +1 hat (worn)
 v - +0 ice dragon scales
Jewellery
 a - a +6 ring of dexterity (right hand)
 i - a ring of protection from cold (left hand)
Scrolls
 m - a scroll of identify
 q - 2 scrolls of teleportation
Potions
 d - 2 potions of might
 e - 5 potions of curing
 h - a potion of flight {unknown}
 l - a potion of haste
 p - a potion of invisibility {unknown}
 r - a potion of degeneration {unknown}
 s - a potion of heal wounds {unknown}

Dungeon Overview and Level Annotations

Branches:
Dungeon (8/15)             Temple (1/1) D:4
   Lair: D:8-11

Altars:
Ashenzari
Dithmenos
Fedhas
Gozag
Hepliaklqana
Kikubaaqudgha
Makhleb
Nemelex Xobeh
Okawaru
Qazlal
Trog
Vehumet
Wu Jian
Xom
Yredelemnul
The Shining One

Shops:
D:2 =[((*

Annotations:
D:3 1 runed translucent door, Crazy Yiuf
D:8 Maggie


Message History

You feel sick.
You are no longer poisoned.
The killer bee stings you.
Maggie casts a spell.
Maggie attempts to bespell you!
You are mesmerised by Maggie!
The killer bee stings you.
You slice the killer bee!!
You kill the killer bee!
Maggie mumbles the words to a spell, but in the wrong order.
Maggie zaps a wand.
You struggle to resist.
Maggie zaps a wand.
Your mind is blasted!
You hit Maggie but do no damage. Maggie hits you but does no damage.
You feel drained.
You hit Maggie but do no damage.
Maggie mumbles the words to a spell, but in the wrong order.
Maggie zaps a wand.
You struggle to resist.
You closely miss Maggie. Maggie barely misses you. You furiously retaliate!
You headbutt Maggie! You hit Maggie. Your headbutt misses Maggie.
Maggie is moderately wounded.
Maggie points at you and mumbles some strange words.
The bolt of fire hits you.
You slash Maggie!
Maggie is heavily wounded.
Maggie zaps a wand.
Your mind is blasted!
7207 ||| READING 3 scrolls of teleportation.
As you read the scroll of teleportation, it crumbles to dust.
You feel strangely unstable. Maggie barely misses you. You furiously retaliate!
You headbutt Maggie! You slash Maggie!
Maggie is severely wounded.
Maggie says, "If you die in the Dungeon, but nobody's around to see it, does it really matter?"
Maggie hits you with a +0 long sword of draining!
You feel drained.
You slash Maggie!
Maggie is almost dead.
Maggie gestures at you while chanting. The bolt of fire hits you!!
You die...

,* .................#
....................#
....................#
....................####
,,
.......................#
...........##########...
,
,.........).#........#...
,
........)))'}......}'...
,,
.....(@@..)#.._.._..#...
,
...........#}......}#.##
,
.....(.....##########...
...........###....###.#.
*.....###...##......##...
, ..... #....##....##....
*
.....#####...#8..8#.....
......................#.
.........###########


You could see Maggie (mesmerising).

Vanquished Creatures
  Eustachio (D:4)
  A steam dragon (D:5)
  Edmund (D:5)
  An ice beast (D:5)
  An orc warrior (D:6)
  A sky beast (D:8)
  2 black bears
  An ogre (D:7)
  2 centaurs
  5 scorpions
  8 wights
  4 killer bees (D:8)
  2 howler monkeys
  2 jellies (D:7)
  4 hounds
  An orc priest (D:4)
  2 gnoll boudas
  3 iguanas
  Ijyb (D:5)
  2 orc wizards (D:4)
  A mummy (D:8)
  12 gnolls
  6 adders
  4 white imps
  An ufetubus (D:6)
  2 dart slugs
  8 orcs
  7 endoplasms
  5 giant cockroaches
  6 hobgoblins
  2 jackals (D:1)
  4 quokkas
  2 ball pythons
  5 bats
  2 frilled lizards
  7 goblins
  5 kobolds
  4 rats
128 creatures vanquished.

Vanquished Creatures (others)
  2 fungi (D:2)
  4 plants (D:2)
6 creatures vanquished.

Grand Total: 134 creatures vanquished

Notes
Turn   | Place    | Note
-------+----------+-------------------------------------------
     0 | D:1      | qw the Minotaur Fighter began the quest for the Orb.
     0 | D:1      | Reached XP level 1. HP: 19/19 MP: 0/0
     0 | D:1      | 0 ||| qw: Version: 0.1-a-111-g1c1fd2e
     0 | D:1      | 0 ||| qw: Game counter: 6611
     0 | D:1      | 0 ||| qw: Always use a shield: true
     0 | D:1      | 0 ||| qw: God list: Ru
     0 | D:1      | 0 ||| qw: Allow faded altars: false
     0 | D:1      | 0 ||| qw: Do Orc after D:15 true
     0 | D:1      | 0 ||| qw: Do second Lair branch before Depths: true
     0 | D:1      | 0 ||| qw: Lair rune preference: random
     0 | D:1      | 0 ||| qw: Plans: Normal
     0 | D:1      | 0 ||| PLANNING D:1-11
    89 | D:1      | Reached skill level 3 in Axes
   100 | D:1      | 100 ||| Stepping ~*~*~tactically~*~*~ (stealth).
   169 | D:1      | Reached XP level 2. HP: 25/26 MP: 1/1
   648 | D:1      | 648 ||| DROPPING +1 leather armour of willpower.
   649 | D:1      | 649 ||| UPGRADING to ring of protection from cold.
   650 | D:1      | 650 ||| READING 2 scrolls labelled ZOHUECSITAQ.
   651 | D:1      | 651 ||| READING scroll labelled YSASHR CANGOPN.
   654 | D:1      | 654 ||| READING scroll labelled RAUTZAF ULOOFF.
   655 | D:1      | 655 ||| DRINKING 2 pink potions.
   656 | D:1      | 656 ||| DROPPING scroll of blinking.
   732 | D:2      | Reached skill level 4 in Axes
   754 | D:2      | Found Ufroli Savic's Weapon Shoppe.
   756 | D:2      | 756 ||| Stepping ~*~*~tactically~*~*~ (stealth).
   760 | D:2      | 760 ||| Stepping ~*~*~tactically~*~*~ (stealth).
   791 | D:2      | Found Zyus's Antique Armour Emporium.
   793 | D:2      | 793 ||| Stepping ~*~*~tactically~*~*~ (stealth).
   800 | D:2      | 800 ||| SHOPLISTING glowing cloak (142 gold, have 114).
   800 | D:2      | 800 ||| BUYING pair of boots (85 gold).
   800 | D:2      | Bought a pair of boots for 85 gold pieces
   800 | D:2      | 800 ||| SHOPLISTING runed ring mail (133 gold, have 29).
   800 | D:2      | 800 ||| SHOPLISTING shiny ring mail (133 gold, have 29).
   800 | D:2      | 800 ||| SHOPLISTING shiny scale mail (133 gold, have 29).
   800 | D:2      | 800 ||| SHOPLISTING warped chain mail (180 gold, have 29).
   800 | D:2      | Found Ewkaaghe's Jewellery Shop.
   810 | D:2      | Reached XP level 3. HP: 21/31 MP: 2/2
   863 | D:2      | 863 ||| Stepping ~*~*~tactically~*~*~ (stealth).
   896 | D:2      | 896 ||| Stepping ~*~*~tactically~*~*~ (stealth).
   900 | D:2      | 900 ||| Stepping ~*~*~tactically~*~*~ (stealth).
   927 | D:2      | 927 ||| FLEEEEING.
   936 | D:2      | 936 ||| STAIRDANCE
   990 | D:1      | 990 ||| UPGRADING to +0 pair of boots.
   995 | D:1      | 995 ||| UPGRADING to +6 ring of dexterity.
   996 | D:1      | 996 ||| READING scroll labelled YSEHIY LEICUD.
  1007 | D:2      | Identified the +1 scale mail of Cosugeq {rC+ Int+2}
  1023 | D:2      | 1023 ||| Stepping ~*~*~tactically~*~*~ (stealth).
  1108 | D:2      | Reached skill level 1 in Dodging
  1169 | D:2      | 1169 ||| SHOPLISTING +4 ring of evasion (396 gold, have
                  | 30).
  1169 | D:2      | 1169 ||| SHOPLISTING +4 ring of protection (396 gold, have
                  | 30).
  1169 | D:2      | 1169 ||| SHOPLISTING +6 ring of strength (396 gold, have
                  | 30).
  1169 | D:2      | 1169 ||| SHOPLISTING ring "Vurpheint" {Will+ Slay+3} (490
                  | gold, have 30).
  1169 | D:2      | 1169 ||| SHOPLISTING ring of poison resistance (220 gold,
                  | have 30).
  1169 | D:2      | 1169 ||| SHOPLISTING ring of protection from fire (275
                  | gold, have 30).
  1200 | D:2      | Found Bihuovacw's Weapon Shoppe.
  1236 | D:2      | Found Ukufodikhly's General Store.
  1247 | D:2      | 1247 ||| SHOPLISTING potion of haste (100 gold, have 30).
  1247 | D:2      | 1247 ||| SHOPLISTING potion of heal wounds (50 gold, have
                  | 30).
  1247 | D:2      | 1247 ||| BUYING scroll of teleportation (30 gold).
  1247 | D:2      | Bought a scroll of teleportation for 30 gold pieces
  1313 | D:2      | Found a faded altar of an unknown god.
  1353 | D:2      | 1353 ||| UPGRADING to +1 scale mail of Cosugeq {rC+ Int+2}.
  1363 | D:2      | 1363 ||| DROPPING +0 scale mail.
  1364 | D:2      | 1364 ||| READING scroll labelled JUXTUOWUOT.
  1365 | D:2      | 1365 ||| READING scroll labelled ULAIKLAOHUV.
  1383 | D:3      | Found an opulent altar of Gozag.
  1424 | D:3      | 1424 ||| Stepping ~*~*~tactically~*~*~ (hiding).
  1727 | D:3      | Found a runed translucent door.
  1728 | D:3      | Noticed Crazy Yiuf
  1826 | D:3      | Found a shadowy altar of Dithmenos.
  2155 | D:3      | 2155 ||| READING scroll labelled NUSITUR SEGRECK.
  2256 | D:3      | 2256 ||| READING 3 scrolls labelled URPHAU TAFFUIS.
  2257 | D:3      | 2257 ||| DRINKING 2 puce potions.
  2257 | D:3      | Gained mutation: You occasionally lose the ability to drink
                  | potions when taking damage. [potion of mutation]
  2257 | D:3      | Gained mutation: You have hidden genetic potential. [potion
                  | of mutation]
  2258 | D:3      | 2258 ||| DRINKING potion of mutation.
  2258 | D:3      | Lost mutation: You have hidden genetic potential. [potion
                  | of mutation]
  2258 | D:3      | Lost mutation: You occasionally lose the ability to drink
                  | potions when taking damage. [potion of mutation]
  2258 | D:3      | Gained mutation: You are frail. (-10% HP) [potion of
                  | mutation]
  2259 | D:3      | 2259 ||| DROPPING 2 scrolls of vulnerability.
  2277 | D:4      | 2277 ||| PLANNING OSSUARY
  2310 | D:4      | Reached XP level 4. HP: 35/35 MP: 3/3
  2319 | D:4      | 2319 ||| Stepping ~*~*~tactically~*~*~ (stealth).
  2324 | D:4      | Reached skill level 5 in Axes
  2330 | D:4      | 2330 ||| Stepping ~*~*~tactically~*~*~ (stealth).
  2331 | D:4      | 2331 ||| Stepping ~*~*~tactically~*~*~ (stealth).
  2332 | D:4      | 2332 ||| Stepping ~*~*~tactically~*~*~ (stealth).
  2333 | D:4      | 2333 ||| Stepping ~*~*~tactically~*~*~ (stealth).
  2351 | D:4      | Found a staircase to the Ecumenical Temple.
  2352 | D:4      | 2352 ||| PLANNING TEMPLE
  2361 | Temple   | Entered the Ecumenical Temple
  2387 | Temple   | 2387 ||| PLANNING OSSUARY
  2417 | D:4      | 2417 ||| Stepping ~*~*~tactically~*~*~ (stealth).
  2439 | D:4      | Noticed a scorpion
  2440 | D:4      | 2440 ||| Stepping ~*~*~tactically~*~*~ (stealth).
  2450 | D:4      | Killed a scorpion
  2451 | D:4      | Reached XP level 5. HP: 33/40 MP: 4/4
  2549 | D:4      | Found a shimmering altar of Xom.
  2560 | D:4      | 2560 ||| Stepping ~*~*~tactically~*~*~ (hiding).
  2562 | D:4      | 2562 ||| Stepping ~*~*~tactically~*~*~ (hiding).
  2569 | D:4      | Reached skill level 6 in Axes
  2581 | D:4      | 2581 ||| FLEEEEING.
  2582 | D:4      | 2582 ||| FLEEEEING.
  2584 | D:4      | 2584 ||| FLEEEEING.
  2585 | D:4      | 2585 ||| FLEEEEING.
  2586 | D:4      | 2586 ||| FLEEEEING.
  2587 | D:4      | 2587 ||| FLEEEEING.
  2594 | D:4      | 2594 ||| FLEEEEING.
  2595 | D:4      | 2595 ||| FLEEEEING.
  2596 | D:4      | 2596 ||| STAIRDANCE
  2897 | D:4      | 2897 ||| RIP OSSUARY
  2905 | D:4      | 2905 ||| PLANNING D:1-11
  2927 | D:4      | 2927 ||| Stepping ~*~*~tactically~*~*~ (stealth).
  2931 | D:4      | 2931 ||| Stepping ~*~*~tactically~*~*~ (hiding).
  2932 | D:4      | 2932 ||| Stepping ~*~*~tactically~*~*~ (hiding).
  3065 | D:4      | Reached skill level 7 in Axes
  3065 | D:4      | Reached XP level 6. HP: 45/45 MP: 5/5
  3205 | D:4      | Noticed Eustachio
  3221 | D:4      | 3221 ||| Stepping ~*~*~tactically~*~*~ (stealth).
  3228 | D:4      | 3228 ||| Stepping ~*~*~tactically~*~*~ (hiding).
  3239 | D:4      | Killed Eustachio
  3240 | D:4      | Reached skill level 3 in Dodging
  3303 | D:4      | 3303 ||| DRINKING potion of mutation.
  3303 | D:4      | Lost mutation: You are frail. (-10% HP) [potion of
                  | mutation]
  3303 | D:4      | Gained mutation: You are frail. (-10% HP) [potion of
                  | mutation]
  3303 | D:4      | Gained mutation: You are strong-willed. (Will+) [potion of
                  | mutation]
  3303 | D:4      | Lost mutation: You are strong-willed. (Will+) [potion of
                  | mutation]
  3303 | D:4      | Gained mutation: You passively dampen the noise of your
                  | surroundings. [potion of mutation]
  3359 | D:4      | Reached XP level 7. HP: 53/53 MP: 6/6
  3393 | D:4      | 3393 ||| DRINKING 2 potions of curing.
  3393 | D:4      | 3393 ||| (to cure confusion)
  3547 | D:4      | Found a broken altar of Ashenzari.
  3599 | D:4      | 3599 ||| UPGRADING to +1 scale mail of fire resistance.
  3609 | D:4      | 3609 ||| READING 3 scrolls labelled ASOEQED KUHUCW.
  3610 | D:4      | 3610 ||| READING scroll labelled OCUFAQ HOEN.
  3611 | D:4      | 3611 ||| DROPPING 2 scrolls of amnesia.
  3646 | D:5      | Entered Level 5 of the Dungeon
  3646 | D:5      | Noticed Edmund
  3656 | D:5      | Killed Edmund
  3657 | D:5      | Reached skill level 8 in Axes
  3657 | D:5      | 3657 ||| STAIRDANCE
  3715 | D:5      | 3715 ||| DROPPING +0 whip.
  3847 | D:5      | 3847 ||| FLEEEEING.
  3848 | D:5      | 3848 ||| FLEEEEING.
  3849 | D:5      | 3849 ||| FLEEEEING.
  3850 | D:5      | 3850 ||| FLEEEEING.
  3853 | D:5      | 3853 ||| FLEEEEING.
  3854 | D:5      | 3854 ||| FLEEEEING.
  3855 | D:5      | 3855 ||| FLEEEEING.
  3856 | D:5      | 3856 ||| FLEEEEING.
  3857 | D:5      | 3857 ||| FLEEEEING.
  3858 | D:5      | 3858 ||| FLEEEEING.
  3859 | D:5      | 3859 ||| STAIRDANCE
  3912 | D:4      | 3912 ||| READING scroll labelled SOKKIT ZYEBU.
  3922 | D:5      | Reached skill level 9 in Axes
  3922 | D:5      | 3922 ||| STAIRDANCE
  4072 | D:5      | 4072 ||| DRINKING potion of mutation.
  4072 | D:5      | Lost mutation: You passively dampen the noise of your
                  | surroundings. [potion of mutation]
  4072 | D:5      | Lost mutation: You are frail. (-10% HP) [potion of
                  | mutation]
  4072 | D:5      | Gained mutation: You sometimes lose your temper in combat.
                  | [potion of mutation]
  4072 | D:5      | Gained mutation: You are strong-willed. (Will+) [potion of
                  | mutation]
  4072 | D:5      | Gained mutation: You are robust. (+10% HP) [potion of
                  | mutation]
  4176 | D:5      | Noticed Ijyb
  4183 | D:5      | Killed Ijyb
  4246 | D:5      | 4246 ||| DRINKING potion of mutation.
  4246 | D:5      | Lost mutation: You are strong-willed. (Will+) [potion of
                  | mutation]
  4246 | D:5      | Lost mutation: You are robust. (+10% HP) [potion of
                  | mutation]
  4246 | D:5      | Gained mutation: You have hidden genetic potential. [potion
                  | of mutation]
  4246 | D:5      | Gained mutation: Your system is resistant to poisons.
                  | (rPois) [potion of mutation]
  4249 | D:5      | 4249 ||| Stepping ~*~*~tactically~*~*~ (stealth).
  4251 | D:5      | 4251 ||| Stepping ~*~*~tactically~*~*~ (hiding).
  4356 | D:5      | 4356 ||| Stepping ~*~*~tactically~*~*~ (stealth).
  4366 | D:5      | 4366 ||| Stepping ~*~*~tactically~*~*~ (hiding).
  4367 | D:5      | 4367 ||| Stepping ~*~*~tactically~*~*~ (hiding).
  4371 | D:5      | Reached XP level 8. HP: 68/68 MP: 7/7
  4491 | D:5      | Identified the +3 leather armour of Furouceb {Str+2 Stlth+}
  4541 | D:5      | Reached skill level 10 in Axes
  4916 | D:5      | 4916 ||| DROPPING +3 leather armour of Furouceb {Str+2
                  | Stlth+}.
  4917 | D:5      | 4917 ||| UPGRADING to +1 hat.
  4922 | D:5      | 4922 ||| UPGRADING to +0 ice dragon scales.
  4932 | D:5      | 4932 ||| READING scroll labelled WACRIDGHARR.
  4980 | D:6      | Reached skill level 6 in Fighting
  5106 | D:6      | 5106 ||| Stepping ~*~*~tactically~*~*~ (hiding).
  5107 | D:6      | 5107 ||| Stepping ~*~*~tactically~*~*~ (hiding).
  5108 | D:6      | 5108 ||| Stepping ~*~*~tactically~*~*~ (hiding).
  5109 | D:6      | 5109 ||| Stepping ~*~*~tactically~*~*~ (hiding).
  5127 | D:6      | 5127 ||| Stepping ~*~*~tactically~*~*~ (stealth).
  5147 | D:6      | Gained mutation: You passively map a small area around you.
                  | [hidden potential]
  5558 | D:6      | Reached skill level 11 in Axes
  5728 | D:6      | 5728 ||| Stepping ~*~*~tactically~*~*~ (stealth).
  5729 | D:6      | 5729 ||| Stepping ~*~*~tactically~*~*~ (stealth).
  5731 | D:6      | 5731 ||| Stepping ~*~*~tactically~*~*~ (stealth).
  5732 | D:6      | 5732 ||| Stepping ~*~*~tactically~*~*~ (stealth).
  5733 | D:6      | 5733 ||| Stepping ~*~*~tactically~*~*~ (stealth).
  5786 | D:6      | 5786 ||| UPGRADING to +0 plate armour.
  5796 | D:6      | 5796 ||| DROPPING +1 scale mail of fire resistance.
  5797 | D:6      | 5797 ||| DROPPING +1 scale mail of Cosugeq {rC+ Int+2}.
  5798 | D:6      | 5798 ||| READING 2 scrolls of identify.
  5798 | D:6      | 5798 ||| IDENTIFYING bubbling grey potion
  5799 | D:6      | 5799 ||| DROPPING potion of brilliance.
  5885 | D:7      | 5885 ||| FLEEEEING.
  5886 | D:7      | 5886 ||| FLEEEEING.
  5887 | D:7      | 5887 ||| FLEEEEING.
  5888 | D:7      | 5888 ||| FLEEEEING.
  5889 | D:7      | 5889 ||| FLEEEEING.
  5890 | D:7      | 5890 ||| FLEEEEING.
  5891 | D:7      | 5891 ||| FLEEEEING.
  5892 | D:7      | 5892 ||| FLEEEEING.
  5893 | D:7      | 5893 ||| FLEEEEING.
  5896 | D:7      | 5896 ||| STAIRDANCE
  5955 | D:7      | 5955 ||| DROPPING +0 flail of pain.
  5996 | D:7      | Reached XP level 9. HP: 70/75 MP: 8/8
  6162 | D:7      | 6162 ||| Stepping ~*~*~tactically~*~*~ (stealth).
  6181 | D:7      | 6181 ||| Stepping ~*~*~tactically~*~*~ (stealth).
  6233 | D:7      | Found a sparkling altar of Nemelex Xobeh.
  6339 | D:7      | Reached skill level 12 in Axes
  6434 | D:7      | Found an iron altar of Okawaru.
  6454 | D:7      | Identified the +1 robe "Lapneogu" {Contam rCorr Str+2
                  | Dex+4}
  6516 | D:7      | 6516 ||| Stepping ~*~*~tactically~*~*~ (hiding).
  6693 | D:7      | 6693 ||| READING 3 scrolls of identify.
  6693 | D:7      | 6693 ||| IDENTIFYING brown potion
  6694 | D:7      | 6694 ||| READING 2 scrolls of identify.
  6694 | D:7      | 6694 ||| IDENTIFYING white potion
  6695 | D:7      | 6695 ||| DROPPING potion of berserk rage.
  6876 | D:8      | 6876 ||| Stepping ~*~*~tactically~*~*~ (hiding).
  6877 | D:8      | 6877 ||| Stepping ~*~*~tactically~*~*~ (hiding).
  6958 | D:8      | Found a stormy altar of Qazlal.
  6973 | D:8      | Found a burning altar of Makhleb.
  7125 | D:8      | 7125 ||| Stepping ~*~*~tactically~*~*~ (hiding).
  7187 | D:8      | Reached skill level 6 in Armour
  7195 | D:8      | Noticed Maggie
  7206 | D:8      | HP: 12/78 [disintegration (13)]
  7207 | D:8      | 7207 ||| READING 3 scrolls of teleportation.
  7208 | D:8      | HP: 2/78 [Maggie/+0 long sword of draining (10)]
  7209 | D:8      | Killed from afar by Maggie

Levels and vault maps discovered:
D:1:      mrwooster_arrival_statue_3, layout_loops_ring
D:2:      layout_rooms, serial_shops, nicolae_shop_bloodbath_and_beyond,
          shop_fountains, nicolae_square_shop, shop, shop_fountains,
          shapermc_ecumenical_altar_mp_urbaneastern,
          nicolae_figureground_sparkle
D:3:      layout_basic, grunt_dithmenos_smoke, grunt_gozag_breadcrumbs,
          st_stairs_2, corexii_hall_statues_i, uniq_crazy_yiuf_cottage
D:4:      layout_cave_pools, lemuel_round_altar,
          mainiacjoe_overflow_tiny_flanked, minmay_temple_entry_ruins,
          chequers_ossuary_entry_cave, wad_floor_pattern_1, grunt_ministairs_12,
          uniq_eustachio
D:5:      layout_loops_cross, uniq_ijyb, uniq_edmund
D:6:      layout_cave_pools
D:7:      layout_loops_ring, kennysheep_mini,
          mainiacjoe_overflow_six_doors_small
D:8:      layout_basic, kennysheep_little_box,
          nicolae_ru_great_annihilating_truth, slow_altar_1,
          jmf_multi_god_temple, serial_park_tiny_pond,
          kennysheep_cluttered_room, dk_noncrumbling_4,
          minmay_misc_feat_hallway, minmay_misc_feat_secret_circle,
          lightli_minifort, uniq_maggie
Temple:   nicolae_temple_ecumenical_triangle

Skill      XL: |  1  2  3  4  5  6  7  8  9 |
---------------+----------------------------+-----
Axes           | 3 4 5 7 9 11 12 | 12.3
Dodging        | 1 3 |  3.5
Throwing       | 2 |  2.2
Fighting       | 4 5 6 7 |  7.0
Armour         | 5 6 |  6.1
Shields        | 4 |  4.1

Action                   |  1- 3 |  4- 6 |  7- 9 || total
-------------------------+-------+-------+-------++-------
Melee: War axe           |    74 |    51 |   206 ||   331
       Headbutt          |    10 |     8 |    33 ||    51
Throw: Javelin           |    14 |    13 |    25 ||    52
       Boomerang         |       |       |    14 ||    14
  Use: Scroll            |     8 |       |     8 ||    16
       Potion            |     3 |     1 |     3 ||     7
Armor: Scale mail        |    26 |    25 |    24 ||    75
       Ice dragon scales |       |       |    26 ||    26
       Plate armour      |       |       |    27 ||    27
Dodge: Dodged            |    27 |     9 |    97 ||   133
Block: Buckler           |    13 |    14 |    45 ||    72

Table legend:
 A = Non-vault XP
 B = Vault XP
 C = Vault XP percentage of total XP
 D = Non-vault monster count
 E = Vault monster count
 F = Vault count percentage of total count
                 A         B        C        D         E       F
            +---------+---------+-------+---------+---------+-------
      Total |    3426 |     527 |  13.3 |     118 |      10 |   7.8
            +---------+---------+-------+---------+---------+-------
        D:1 |      24 |       0 |   0.0 |      15 |       0 |   0.0
        D:2 |      45 |       0 |   0.0 |      13 |       0 |   0.0
        D:3 |      16 |       4 |  20.0 |      10 |       2 |  16.7
        D:4 |     506 |     200 |  28.3 |      25 |       3 |  10.7
        D:5 |     794 |     182 |  18.6 |      10 |       2 |  16.7
        D:6 |     707 |       0 |   0.0 |      21 |       0 |   0.0
        D:7 |     856 |       0 |   0.0 |      14 |       0 |   0.0
        D:8 |     478 |     141 |  22.8 |      10 |       3 |  23.1
            +---------+---------+-------+---------+---------+-------
